AoeStats
← PLEYBOI

Black Forest

504281442Analyzed
2v2 RM · 28d ago on Sep 4, 2026· 16m 47s· 4 players
Game mode
Random Map
Map size
Medium (4 player)
Population
200
Speed
Normal
Resources
Standard
Victory
Conquest
Starting age
Dark Age
Ending age
Imperial Age
RankedLock teamsTeams togetherTeam positionsShared explorationLock speedFull tech treeHidden civsTurbo modeCheats
Victory
Defeat
🇨🇿 Celts · Czechia
742
+12
🇨🇿 Burgundians · Czechia
657
+16
🇺🇸 Teutons · United States
660
-28
🇺🇸 Khmer · United States
660
-28
PLEYBOI
4:13 Loom
12:53 Feudal Age
KrugaMan
5:14 Loom
11:25 Feudal Age
Less_Ismore
0:30 Loom
12:43 Feudal Age
13:32 Horse Collar
14:42 Double-Bit Axe
16:41 Man-at-Arms
Kubays
0:26 Loom
12:00 Feudal Age
12:43 Double-Bit Axe
12:40 Horse Collar
13:01 Man-at-Arms
16:09 Arson
Connection lost

Rejoining the realm…

Still unreachable

The connection could not be restored.

Session expired

The server has moved on; the page needs a fresh start.